 Dungeon Crawl Stone Soup version 0.25-a0-1133-g93ebf739aa (webtiles) character file.

Game seed: 10200406948072281628, levelgen mode: deterministic

2326 tilp the Quickloader (level 9, -8/49 HPs)
             Began as a Kobold Arcane Marksman on May 21, 2020.
             Was a Follower of Okawaru.
             Mangled by an orc warrior
             ... wielding a +0 halberd
              (16 damage)
             ... on level 8 of the Dungeon.
             The game lasted 00:24:12 (10035 turns).

tilp the Quickloader (Kobold Arcane Marksman)      Turns: 10035, Time: 00:24:12

Health: -8/49      AC: 11    Str: 11    XL:     9   Next: 69%
Magic:  12/12      EV: 16    Int: 14    God:    Okawaru [*.....]
Gold:   608        SH:  0    Dex: 15    Spells: 7/10 levels left

rFire    . . .     SeeInvis .   b - +1 dagger (drain)
rCold    . . .     Gourm    .   (shield restricted)
rNeg     . . .     Faith    .   l - +0 ring mail
rPois    .         Spirit   .   j - +2 helmet
rElec    +         Reflect  .   (no cloak)
rCorr    .         Harm     .   w - +0 pair of gloves (curse)
MR       .....                  u - +1 pair of boots
Stlth    ++........             F - amulet "Voqegh" {RegenMP rElec}
HPRegen  0.16/turn              (no ring)
MPRegen  0.38/turn              (no ring)

@: no status effects
A: small, carnivore, frail 1, screaming 1
a: Heroism, Renounce Religion


You were on level 8 of the Dungeon.
You worshipped Okawaru.
Okawaru was aware of your devotion.
You were completely stuffed.

You visited 2 branches of the dungeon, and saw 9 of its levels.
You also visited: Sewer.

You collected 608 gold pieces.

Inventory:

Hand Weapons
 a - a +0 hand crossbow
 b - a +1 dagger of draining (weapon)
 h - a +0 flail
 i - a +0 rapier
 H - a +2 mace of protection
 O - a +1 short sword of flaming
Missiles
 d - 41 bolts
 y - 12 poisoned darts (quivered)
Armour
 j - a +2 helmet (worn)
 l - a +0 ring mail (worn)
 u - a +1 pair of boots (worn)
 w - a cursed +0 pair of gloves (worn)
 I - a +0 chain mail
 Q - +0 acid dragon scales
 S - a +0 plate armour
Jewellery
 x - a +4 ring of evasion {unknown}
 D - an uncursed ring of poison resistance {unknown}
 F - the amulet "Voqegh" (around neck) {RegenMP rElec}
   (You found it on level 4 of the Dungeon)

   [amulet of magic regeneration]

   It increases your magic regeneration.
   It insulates you from electricity.
Wands
 k - a wand of enslavement (11)
 t - a wand of random effects (18)
 G - a wand of polymorph (18)
 J - a wand of disintegration (8)
 L - a wand of iceblast (11)
 M - a wand of flame (12)
Scrolls
 e - a scroll of immolation
 g - a scroll of random uselessness {unknown}
 m - a scroll of enchant armour {unknown}
 n - a scroll of amnesia
 p - a scroll of teleportation {unknown}
 q - a scroll of remove curse {unknown}
 z - a scroll of noise {unknown}
 B - a scroll of blinking {unknown}
 R - a scroll of silence {unknown}
Potions
 f - 2 potions of ambrosia {unknown}
 o - 2 potions of cancellation
 r - 3 potions of flight
 s - 2 potions of lignification
 v - 6 potions of curing
 A - a potion of heal wounds
 C - a potion of berserk rage {unknown}
 E - 3 potions of stabbing {unknown}
 K - a potion of degeneration {unknown}
 N - a potion of mutation {unknown}
Comestibles
 c - 14 rations
 P - 3 chunks of flesh


   Skills:
 - Level 6.0 Fighting
 - Level 10.0 Crossbows
 - Level 6.0 Dodging
 - Level 4.0 Stealth
 - Level 1.1 Spellcasting
 - Level 3.0 Hexes
 + Level 3.1 Invocations
 - Level 4.5 Evocations


You had 7 spell levels left.
You knew the following spells:

 Your Spells              Type           Power        Failure   Level  Hunger
a - Corona                Hex            #......      19%         1    ##.....
b - Slow                  Hex            #.......     28%         2    ###....

Your spell library contained the following spells:

 Spells                   Type           Power        Failure   Level  Hunger
 Beastly Appendage        Tmut           #.....       54%         1    ##.....
 Sticks to Snakes         Tmut           #.......     67%         2    ###....
 Inner Flame              Hex/Fire       #.......     71%         3    ####...
 Portal Projectile        Hex/Tloc       #.....       71%         3    ####...
 Summon Guardian Golem    Hex/Summ       #.......     71%         3    ####...
 Spider Form              Tmut/Pois      #.........   88%         3    ####...
 Cause Fear               Hex            #.........   88%         4    #####..
 Leda's Liquefaction      Hex/Erth       #.........   98%         4    #####..
 Ice Form                 Ice/Tmut       #.......     99%         4    #####..
 Blade Hands              Tmut           #.........   100%        5    ######.
 Bolt of Magma            Conj/Fire/Erth #.........   100%        5    ######.
 Fireball                 Conj/Fire      #.........   100%        5    ######.
 Malign Gateway           Summ/Tloc      #.........   100%        7    #######


Dungeon Overview and Level Annotations

Branches:
Dungeon (8/15)             Temple (1/1) D:7           Sewer (visited)
   Lair: D:8-11

Altars:
Ashenzari
Cheibriados
Dithmenos
Elyvilon
Fedhas
Gozag
Hepliaklqana
Kikubaaqudgha
Makhleb
Nemelex Xobeh
Okawaru
Qazlal
Ru
Sif Muna
Trog
Wu Jian
Xom
Yredelemnul
The Shining One


Innate Abilities, Weirdness & Mutations

You are small and have problems with some larger weapons.
You are carnivorous and can eat meat at any time.
You are frail. (-10% HP)
You occasionally shout uncontrollably at your foes.


Message History

Aim: an orc warrior, wielding a +0 halberd and wearing a +0 chain mail (heavily wounded)
You shoot a bolt. The bolt hits the orc warrior!
The orc warrior is severely wounded.
The orc warrior hits you from afar with a +0 halberd!
* * * LOW HITPOINT WARNING * * *
You feel much better. The orc warrior barely misses you.
You sense an unholy aura.
b - a +1 dagger of draining (weapon)
The orc warrior misses you.
Items here: ( ) [ † a +0 flail; a +0 leather armour; a bolt; an orc corpse You barely miss the orc warrior.
The orc warrior is severely wounded.
The orc warrior hits you with a +0 halberd!
* * * LOW HITPOINT WARNING * * *
You hit the orc warrior but do no damage.
You drain the orc warrior.
The orc warrior is almost dead.
The orc warrior hits you with a +0 halberd!
You die...

########### #........(#
#.#######.# #.# #@# #.# #o#
# #.# #(# #.######.#######(#
#.#......#....##÷#
#........#....##)#
###.##...#......(###########
.<#.##...#>.................
###.##...#.....#############


You could see an orc warrior (drained).

Vanquished Creatures
  Maggie (D:8)
  Eustachio (D:4)
  An orc warrior (D:8)
  A sky beast (D:6)
  A black bear (D:6)
  An ogre (D:4)
  A necrophage (D:5)
  A centaur (D:8)
  6 bullfrogs
  A big kobold (D:6)
  2 scorpions
  A crimson imp (D:5)
  A bullfrog zombie (D:3)
  2 jellies
  An orc wizard (D:3)
  2 orc priests
  3 centaur skeletons
  An iguana (D:7)
  3 worker ants
  2 hound zombies (D:6)
  2 hound skeletons
  A howler monkey zombie (D:5)
  3 gnolls (D:7)
  9 adders
  A shadow imp (D:8)
  10 oozes (Sewer)
  5 worms
  16 leopard geckos
  24 orcs
  13 ball pythons
  5 bats
  A bat zombie (D:6)
  15 giant cockroaches
  4 hobgoblins
  10 jackals
  3 quokkas
  14 frilled lizards
  5 goblins
  A jackal zombie (D:7)
  10 kobolds
  18 rats
  2 rat zombies (D:6)
205 creatures vanquished.

Vanquished Creatures (collateral kills)
  A leopard gecko (Sewer)
  A frilled lizard (Sewer)
2 creatures vanquished.

Vanquished Creatures (others)
  A leopard gecko (Sewer)
  2 jackals (D:8)
3 creatures vanquished.

Grand Total: 210 creatures vanquished

Notes
Turn   | Place    | Note
-------+----------+-------------------------------------------
     0 | D:1      | tilp the Kobold Arcane Marksman began the quest for the
                  | Orb.
     0 | D:1      | Reached XP level 1. HP: 12/12 MP: 2/2
   203 | D:1      | Gained mutation: You occasionally shout uncontrollably at
                  | your foes. [mutagenic glow]
   281 | D:1      | Gained mutation: You are frail. (-10% HP) [mutagenic glow]
   464 | D:1      | Reached XP level 2. HP: 15/15 MP: 3/3
   468 | D:1      | Learned a level 2 spell: Slow
  1350 | D:1      | Reached XP level 3. HP: 20/20 MP: 4/4
  1834 | D:2      | Found a basalt altar of Yredelemnul.
  1835 | D:2      | Found a sparkling altar of Nemelex Xobeh.
  2252 | D:2      | Reached XP level 4. HP: 22/26 MP: 5/5
  2503 | D:3      | Found a glowing drain.
  2518 | D:3      | Reached skill level 3 in Crossbows
  2542 | Sewer    | Entered a sewer
  2673 | Sewer    | Reached XP level 5. HP: 29/29 MP: 6/6
  2744 | Sewer    | Reached skill level 4 in Crossbows
  3179 | Sewer    | Reached skill level 5 in Crossbows
  3400 | Sewer    | Noticed a bullfrog
  3400 | Sewer    | Noticed a bullfrog
  3416 | Sewer    | Killed a bullfrog
  3416 | Sewer    | Reached skill level 6 in Crossbows
  3416 | Sewer    | Reached XP level 6. HP: 3/34 MP: 7/7
  3651 | Sewer    | Reached skill level 1 in Stealth
  4077 | D:3      | Noticed a moth of wrath
  4114 | D:3      | Found a bloodstained altar of Trog.
  4775 | D:3      | Reached XP level 7. HP: 35/39 MP: 8/8
  5446 | D:4      | Noticed Eustachio
  5538 | D:4      | Killed Eustachio
  5538 | D:4      | Reached skill level 5 in Fighting
  5703 | D:4      | Reached XP level 8. HP: 45/45 MP: 9/9
  5950 | D:4      | Got a wavering diamond amulet
  6090 | D:4      | Identified the amulet "Voqegh" {RegenMP rElec} (You found
                  | it on level 4 of the Dungeon)
  6126 | D:5      | Entered Level 5 of the Dungeon
  6301 | D:5      | Reached skill level 5 in Dodging
  6386 | D:5      | Found a shimmering blue altar of Sif Muna.
  6484 | D:5      | Found a hazy altar of Hepliaklqana.
  7468 | D:6      | Reached skill level 1 in Evocations
  7769 | D:6      | Reached skill level 7 in Crossbows
  7973 | D:6      | Reached XP level 9. HP: 47/49 MP: 12/12
  7996 | D:6      | Found an ancient bone altar of Kikubaaqudgha.
  8026 | D:6      | Identified the Reference Book on Harmful Summoning
  8499 | D:7      | Found a staircase to the Ecumenical Temple.
  8523 | Temple   | Entered the Ecumenical Temple
  8695 | Temple   | Became a worshipper of Warmaster Okawaru
  8734 | D:7      | Reached skill level 8 in Crossbows
  9265 | D:7      | Reached skill level 9 in Crossbows
  9669 | D:8      | Noticed Maggie
  9693 | D:8      | Killed Maggie
  9693 | D:8      | Reached * piety under Okawaru
  9693 | D:8      | Reached skill level 10 in Crossbows
  9902 | D:8      | Reached skill level 1 in Invocations
 10035 | D:8      | Mangled by an orc warrior

Illustrated notes

Levels and vault maps discovered:
D:1:      mrwooster_arrival_statue_2, layout_basic
D:2:      layout_loops_ring, gammafunk_temple_overflow_pools, first_ration
D:3:      layout_loops_corners, tgw_trog, gup_sewer_entry_pipe
D:4:      layout_rooms, minmay_crystal_room, corexii_mini_fake_secret_closet,
          hangedman_decor_diamond_cutter, uniq_eustachio
D:5:      layout_cave_pods, lemuel_round_altar, basic_altar, dk_noncrumbling_3
D:6:      layout_loops_ring, lemuel_zombie_altar_kikubaaqudgha
D:7:      layout_rooms, minmay_temple_entry_mist, minmay_puff
D:8:      layout_basic, zin_statuary, fiery_altar_vehumet, uniq_maggie,
          uniq_psyche, uniq_harold
Temple:   eino_narrow_crystal_temple

Skill      XL: |  1  2  3  4  5  6  7  8  9 |
---------------+----------------------------+-----
Fighting       | 2 3 4 5 6 |  6.0
Crossbows      | 3 6 7 10 | 10.0
Stealth        | 2 4 |  4.0
Dodging        | 3 4 6 |  6.0
Evocations     | 4 |  4.5
Invocations    | 3 |  3.1
Spellcasting   | |  1.1
Hexes          | |  3.0

Action                   |  1- 3 |  4- 6 |  7- 9 || total
-------------------------+-------+-------+-------++-------
Melee: Dagger            |   100 |   303 |   551 ||   954
 Fire: Hand crossbow     |    40 |     5 |    98 ||   143
Throw: Dart              |     2 |     5 |    15 ||    22
 Cast: Corona            |       |       |     4 ||     4
Evoke: Wand              |       |     2 |       ||     2
  Use: Scroll            |     1 |     5 |     5 ||    11
       Potion            |       |     1 |     1 ||     2
 Stab: Sleeping          |       |     2 |       ||     2
       Distracted        |       |     1 |       ||     1
  Eat: Chunk             |    12 |     9 |    18 ||    39
Armor: Robe              |    10 |       |       ||    10
       Ring mail         |    35 |   109 |   161 ||   305
Dodge: Dodged            |   106 |   218 |   411 ||   735

Table legend:
 A = Non-vault XP
 B = Vault XP
 C = Vault XP percentage of total XP
 D = Non-vault monster count
 E = Vault monster count
 F = Vault count percentage of total count
                 A         B        C        D         E       F
            +---------+---------+-------+---------+---------+-------
      Total |    2305 |    1019 |  30.7 |     129 |      78 |  37.7
            +---------+---------+-------+---------+---------+-------
        D:1 |      33 |       0 |   0.0 |      22 |       0 |   0.0
        D:2 |      42 |       0 |   0.0 |      10 |       0 |   0.0
        D:3 |     176 |      26 |  12.9 |      28 |      12 |  30.0
        D:4 |     234 |     196 |  45.6 |       8 |       1 |  11.1
        D:5 |     198 |       0 |   0.0 |       8 |       0 |   0.0
        D:6 |     810 |       4 |   0.5 |      31 |       3 |   8.8
        D:7 |     431 |      22 |   4.9 |      12 |       3 |  20.0
        D:8 |     381 |     428 |  52.9 |      10 |       1 |   9.1
      Sewer |       0 |     343 | 100.0 |       0 |      58 | 100.0
            +---------+---------+-------+---------+---------+-------
